 Dungeon Crawl Stone Soup version 0.19-a0-734-ge18daf0 (webtiles) character file.

632 inmateoo the Cudgeler (level 7, 0/44 HPs)
             Began as a Gargoyle Fighter on June 22, 2016.
             Slain by inmateoo's ghost (8 damage)
             ... on level 4 of the Dungeon.
             The game lasted 00:03:58 (2825 turns).

inmateoo the Cudgeler (Gargoyle Fighter)            Turns: 2825, Time: 00:03:58

Health: 0/44       AC: 14    Str: 26    XL:     7   Next: 49%
Magic:  7/7        EV:  8    Int:  9    God:
Gold:   131        SH: 10    Dex:  9    Spells: 0 memorised, 6 levels left

rFire  . . .     SeeInvis .     i - +1 whip (elec)
rCold  . . .     Gourm    .     b - +0 scale mail
rNeg   + . .     Faith    .     c - +0 shield
rPois  ∞         Spirit   .     (no helmet)
rElec  +         Dismiss  .     (no cloak)
rCorr  .         Reflect  .     g - +1 pair of gloves
SustAt .         Harm     .     (no boots)
MR     .....                    (no amulet)
Stlth  ..........               (no ring)
                                (no ring)

@: mighty, not resistant to hostile enchantments, extremely unstealthy
A: negative energy resistance 1, electricity resistance, unbreathing,
petrification resistance, rot immunity, AC +4
a: no special abilities


You were on level 4 of the Dungeon.
You were hungry.

You visited 1 branch of the dungeon, and saw 4 of its levels.

You collected 131 gold pieces.

Inventory:

Hand Weapons
 a - a +0 flail
 i - a +1 whip of electrocution (weapon)
Armour
 b - a +0 scale mail (worn)
 c - a +0 shield (worn)
 g - a +1 pair of gloves (worn)
Scrolls
 e - a scroll of magic mapping
 q - 3 scrolls of remove curse
 v - a scroll of teleportation
Potions
 j - a potion of mutation {unknown}
 k - 3 potions of curing {unknown}
 l - 2 potions of invisibility {unknown}
 n - 2 potions of lignification {unknown}
 o - a potion of cancellation {unknown}
 r - 2 potions of agility {unknown}
Comestibles
 f - 4 bread rations
 m - a slice of pizza
 p - 5 fruits
 t - 2 meat rations


   Skills:
 + Level 5.1 Fighting
 * Level 5.4 Maces & Flails
 + Level 5.2 Armour
 + Level 4.6 Shields


You had 6 spell levels left.
You didn't know any spells.

Dungeon Overview and Level Annotations

Branches:
Dungeon (4/15)
 Temple: D:4-7

Altars:
Dithmenos
Gozag
Qazlal
Ru
Sif Muna

Annotations:
D:4 inmateoo's ghost, amateur GrGl


Innate Abilities, Weirdness & Mutations

You are resistant to torment.
Your stone body is resilient. (AC +4)
You are immune to poison.
You resist negative energy. (rN+)
You are resistant to electric shocks. (rElec)
You can survive without breathing.
You are immune to petrification.
You are immune to rotting.


Message History

* * * LOW HITPOINT WARNING * * *
You are too injured to fight recklessly!
You are too injured to fight recklessly!
You barely miss inmateoo's ghost.
Inmateoo's ghost is almost destroyed.
You block inmateoo's ghost's attack.
You hit inmateoo's ghost but do no damage.
Inmateoo's ghost is almost destroyed.
Inmateoo's ghost whispers, "There is no future for you."
You block inmateoo's ghost's attack.
You barely miss inmateoo's ghost.
Inmateoo's ghost is almost destroyed.
Inmateoo's ghost hits you.
* * * LOW HITPOINT WARNING * * *
You hit inmateoo's ghost but do no damage.
Inmateoo's ghost is almost destroyed.
You block inmateoo's ghost's attack.
You feel very mighty all of a sudden. Inmateoo's ghost hits you!
You die...

#.# ####.....†.....# #..........
#.# #..........>...# #..........
#.# #..........)...# #..........
#.####.....###......# #..........
....##..............# #..........
.....'.)............# #..........
....##..............###..........
....##..............'...[.......#
....##.#.##....W@...###########.#
....##+#.##.........# #.# ....#
..#......#### #.# ......
.........##############'# ####...
......................... ...
.........##########...... #.
.................##......
#############.##.##......
.......).##.##......


You could see inmateoo's ghost.

Vanquished Creatures
  Grinder (D:3)
  A sky beast (D:3)
  The ghost of tstbtto the Chopper, an amateur HOFi (D:3)
  An ogre (D:4)
  An orc priest (D:3)
  A worker ant (D:4)
  5 adders
  4 worms
  A dart slug (D:3)
  2 giant geckos
  6 orcs
  6 bats
  2 giant cockroaches (D:2)
  9 hobgoblins
  2 jackals (D:3)
  8 kobolds
  3 quokkas
  A ball python (D:1)
  5 giant newts
  7 goblins
  10 rats
77 creatures vanquished.

Notes
Turn   | Place    | Note
--------------------------------------------------------------
     0 | D:1      | inmateoo the Gargoyle Fighter began the quest for the Orb.
     0 | D:1      | Reached XP level 1. HP: 14/14 MP: 1/1
    62 | D:3      | Noticed tstbtto's ghost (amateur HOFi)
   340 | D:2      | Reached XP level 2. HP: 18/19 MP: 2/2
   412 | D:3      | Reached XP level 3. HP: 22/23 MP: 3/3
   731 | D:2      | Reached XP level 4. HP: 27/29 MP: 4/4
  1870 | D:3      | Killed tstbtto's ghost
  1870 | D:3      | Reached XP level 5. HP: 12/33 MP: 5/5
  1894 | D:3      | Noticed Grinder
  2115 | D:3      | Killed Grinder
  2115 | D:3      | Reached XP level 6. HP: 24/39 MP: 6/6
  2412 | D:3      | Noticed a sky beast
  2442 | D:3      | Killed a sky beast
  2442 | D:3      | Reached skill level 5 in Maces & Flails
  2442 | D:3      | Reached XP level 7. HP: 43/44 MP: 7/7
  2537 | D:3      | Reached skill level 5 in Fighting
  2584 | D:3      | Found an opulent altar of Gozag.
  2585 | D:3      | Found a shadowy altar of Dithmenos.
  2585 | D:3      | Found a deep blue altar of Sif Muna.
  2588 | D:3      | Found a stormy altar of Qazlal.
  2589 | D:3      | Found a sacrificial altar of Ru.
  2644 | D:4      | Reached skill level 5 in Armour
  2775 | D:4      | Noticed inmateoo's ghost (amateur GrGl)
  2825 | D:4      | Slain by inmateoo's ghost

Vault maps used:
D:1:      onia_arrival_handbag
D:2:      kennysheep_six_static_rooms, glass_columns_c
D:3:      minitemple, uniq_grinder
D:4:      wad_river_or_something, uniq_duvessa

Skill      XL: |  1  2  3  4  5  6  7 |
---------------+----------------------+-----
Maces & Flails | 3 4 5 |  5.4
Fighting       | 4 5 |  5.1
Armour         | 4 5 |  5.2
Shields        | 4 |  4.6

Action                   |  1- 3 |  4- 6 |  7- 9 || total
-------------------------+-------+-------+-------++-------
Melee: Flail             |    23 |       |       ||    23
       Whip              |    93 |   162 |    73 ||   328
  Use: Scroll            |     4 |     3 |     5 ||    12
       Potion            |       |       |     2 ||     2
  Eat: Chunk             |       |     5 |     1 ||     6
Armor: Scale mail        |    68 |    77 |    19 ||   164
Dodge: Dodged            |    49 |    27 |    13 ||    89
Block: Shield            |    69 |    56 |    29 ||   154
